 Dungeon Crawl Stone Soup version 0.26.0-15-gc6cd9f700b (webtiles) character file.

Game seed: 6553938912511519970

6 EnegeticOcto the Stinger (level 1, 13/13 HPs)
             Began as a Gnoll Venom Mage on Jan 16, 2021.
             Quit the game on level 2 of the Dungeon.
             The game lasted 00:00:38 (97 turns).

EnegeticOcto the Stinger (Gnoll Venom Mage)           Turns: 97, Time: 00:00:39

Health: 13/13      AC:  2    Str: 10    XL:     1   Next: 90%
Magic:  3/6        EV: 14    Int: 17    God:
Gold:   19         SH:  0    Dex: 15    Spells: 8/9 levels left

rFire    . . .     SeeInvis .   (no weapon)
rCold    . . .     Faith    .   (no shield)
rNeg     . . .     Spirit   .   a - +0 robe
rPois    .         Reflect  .   (no helmet)
rElec    .         Harm     .   (no cloak)
rCorr    .         Rampage  .   (no gloves)
Will     .....                  (no boots)
Stlth    +++.......             (no amulet)
HPRegen  0.04/turn              (no ring)
MPRegen  0.10/turn              (no ring)

@: no status effects
A: distributed training, fangs 1, strong nose
a: no special abilities


You were on level 2 of the Dungeon.
You visited 1 branch of the dungeon, and saw 3 of its levels.

You collected 19 gold pieces.

Inventory:

Armour
 a - a +0 robe (worn)
Scrolls
 b - a scroll of enchant armour {unknown}
 d - a scroll of teleportation {unknown}
Potions
 c - a potion of lignification {unknown}


   Skills:
 + Level 0.2 Fighting
 + Level 0.2 Short Blades
 + Level 0.2 Long Blades
 + Level 0.2 Axes
 + Level 0.2 Maces & Flails
 + Level 0.2 Polearms
 + Level 0.2 Staves
 + Level 0.2 Slings
 + Level 0.2 Bows
 + Level 0.2 Crossbows
 + Level 0.2 Throwing
 + Level 0.2 Armour
 + Level 4.4 Dodging
 + Level 4.0 Stealth
 + Level 0.2 Shields
 + Level 0.2 Unarmed Combat
 + Level 4.9 Spellcasting
 + Level 0.1 Conjurations
 + Level 0.1 Hexes
 + Level 0.1 Summonings
 + Level 0.1 Necromancy
 + Level 0.1 Translocations
 + Level 2.0 Transmutations
 + Level 0.1 Fire Magic
 + Level 0.1 Ice Magic
 + Level 0.1 Air Magic
 + Level 0.1 Earth Magic
 + Level 5.3 Poison Magic
 + Level 0.3 Invocations
 + Level 0.2 Evocations


You had 8 spell levels left.
You knew the following spells:

 Your Spells              Type           Power        Failure   Level
a - Sting                 Tmut/Pois      64%          3%          1

Your spell library contained the following spells:

 Spells                   Type           Power        Failure   Level
 Poisonous Vapours        Pois/Air       26%          7%          2
 Ignite Poison            Fire/Tmut/Pois 12%          16%         3
 Olgreb's Toxic Radiance  Pois           22%          16%         4
 Mephitic Cloud           Conj/Pois/Air  10%          21%         3


Dungeon Overview and Level Annotations

Branches:
Dungeon (3/15)

Altars:
Xom


Innate Abilities, Weirdness & Mutations

Your experience applies equally to all skills.
You have very sharp teeth.
Your uncanny sense of smell can sniff out nearby items.


Message History

Welcome, EnegeticOcto the Gnoll Venom Mage.
It is said that the Orb of Zot exists deep within this dungeon.
Press ? for a list of commands and other information.
Found a scroll labelled RAALAV BAONO.
Found an escape hatch in the floor.
Found a staircase leading out of the dungeon.
b - a scroll labelled RAALAV BAONO You open the door.
There is an open door here.
There is a staircase leading out of the dungeon here.
There is an escape hatch in the floor here.
Really go through this one-way escape hatch?
You slide downwards.
The hatch slams shut behind you.
A goblin comes into view. It is wielding a +0 club.
Casting: Sting (safe; 3% risk of failure)
Confirm with . or Enter, or press ? or * to list all spells.
Aiming: Sting (safe; 3% risk of failure)
Press: ? - help, Shift-Dir - straight line, f - goblin
Aim: a goblin, wielding a +0 club (asleep, 0% to evade)
The sting hits the goblin.
The goblin is poisoned.
The goblin is moderately wounded.
You kill the goblin!
Found 6 gold pieces.
You now have 6 gold pieces.
You open the door.
Found a stone staircase leading down. "WORSHIP ME, MORTAL," Xom booms, "AND I SHALL GRANT YOU THE GREATEST GIFT OF ALL."
Found a shimmering altar of Xom.
There is an open door here.
Found an orange potion.
Found 13 gold pieces.
Found a scroll labelled DUVADE VOICOYNAAS.
c - an orange potion You now have 19 gold pieces (gained 13).
d - a scroll labelled DUVADE VOICOYNAAS
(D) Dungeon
Where to? (? - help)
There is a stone staircase leading down here.
You climb downwards.
You hear the sound of rushing water.
There is an entrance to a sewer on this level.
Hurry and find it before the portal rusts away!
A worm comes into view.
There is a stone staircase leading up here.
Casting: Sting (safe; 3% risk of failure)
Confirm with . or Enter, or press ? or * to list all spells.
Aiming: Sting (safe; 3% risk of failure)
Press: ? - help, Shift-Dir - straight line, f - worm
Aim: a worm (asleep, 0% to evade)
The sting hits the worm but does no damage.
The worm is poisoned.
Casting: Sting (safe; 3% risk of failure)
Confirm with . or Enter, or press ? or * to list all spells.
Aiming: Sting (safe; 3% risk of failure)
Press: ? - help, Shift-Dir - straight line, f/p - worm
Aim: a worm (poisoned, 9% to evade)
The sting hits the worm.
The worm looks even sicker.
The worm is moderately wounded.
Casting: Sting (safe; 3% risk of failure)
Confirm with . or Enter, or press ? or * to list all spells.
Aiming: Sting (safe; 3% risk of failure)
Press: ? - help, Shift-Dir - straight line, f/p - worm
Aim: a worm (moderately wounded, very poisoned, 9% to evade)
The sting hits the worm.
The worm looks even sicker.
The worm is heavily wounded.
Casting: Sting (safe; 3% risk of failure)
Confirm with . or Enter, or press ? or * to list all spells.
Aiming: Sting (safe; 3% risk of failure)
Press: ? - help, Shift-Dir - straight line, f/p - worm
Aim: a worm (severely wounded, very poisoned, 9% to evade)
The sting hits the worm.
The worm looks as sick as possible!
The worm is almost dead.
Casting: Sting (safe; 3% risk of failure)
Confirm with . or Enter, or press ? or * to list all spells.
Aiming: Sting (safe; 3% risk of failure)
Press: ? - help, Shift-Dir - straight line, f/p - worm
Aim: a worm (almost dead, extremely poisoned, 9% to evade)
The sting hits the worm.
The worm looks as sick as possible!
You kill the worm!
Your Transmutations skill increases to level 2!
You enter the shallow water.
Moving in this stuff is going to be slow.
You open the door.
Found a stone staircase leading up.
There is an open door here.
There is a stone staircase leading up here.
You climb upwards.
A goblin comes into view. It is wielding a +0 club.
Found a hunting sling.
There is a stone staircase leading down here.
A frilled lizard and a bat come into view.
Found a stone staircase leading down.
Casting: Sting (safe; 3% risk of failure)
Confirm with . or Enter, or press ? or * to list all spells.
Aiming: Sting (safe; 3% risk of failure)
Press: ? - help, Shift-Dir - straight line, f - goblin
Aim: a goblin, wielding a +0 club (asleep, 0% to evade)
The sting hits the goblin.
The goblin is poisoned.
You kill the goblin!
Are you sure you want to abandon this character and quit the game? (Confirm with "yes".)

#b#.. ..)>.
#.#.. ###
#.#.# ..
#.####.#.# .#
.....#.###.#
#..#.....#
#.>....@)#
#.........##.#
#####........#
#.....##.# ∆
##.#### ..l
#.# #### #+#


There were no monsters in sight!

Vanquished Creatures
  A worm (D:3)
  2 goblins (D:2)
3 creatures vanquished.

Notes
Turn   | Place    | Note
-------+----------+-------------------------------------------
     0 | D:1      | EnegeticOcto the Gnoll Venom Mage began the quest for the
                  | Orb.
     0 | D:1      | Reached XP level 1. HP: 13/13 MP: 6/6
    34 | D:2      | Found a shimmering altar of Xom.
    73 | D:3      | Reached skill level 2 in Transmutations
    97 | D:2      | Quit the game

Illustrated notes

Levels and vault maps discovered:
D:1:      minmay_arrival_shoal_huts, layout_loops_ring, hangedman_decor_points,
          minmay_pentomino_s2
D:2:      layout_loops_corners, brannock_xom_greatest_gift,
          lemuel_zombie_altar_kikubaaqudgha
D:3:      layout_loops_corners, nicolae_overflow_hidden_temple,
          old_standard_altar, gup_sewer_entry_pipe, fedhas_altar_3

Skill      XL: |  1 |
---------------+----+-----
Transmutations | 2 |  2.0
Fighting       | |  0.2
Short Blades   | |  0.2
Long Blades    | |  0.2
Axes           | |  0.2
Maces & Flails | |  0.2
Polearms       | |  0.2
Staves         | |  0.2
Slings         | |  0.2
Bows           | |  0.2
Crossbows      | |  0.2
Throwing       | |  0.2
Armour         | |  0.2
Dodging        | |  4.4
Stealth        | |  4.0
Shields        | |  0.2
Unarmed Combat | |  0.2
Spellcasting   | |  4.9
Conjurations   | |  0.1
Hexes          | |  0.1
Summonings     | |  0.1
Necromancy     | |  0.1
Translocations | |  0.1
Fire Magic     | |  0.1
Ice Magic      | |  0.1
Air Magic      | |  0.1
Earth Magic    | |  0.1
Poison Magic   | |  5.3
Invocations    | |  0.3
Evocations     | |  0.2

Action                   || total
-------------------------++-------
 Cast: Sting             ||     7
